 Dungeon Crawl Stone Soup version 0.18-a0-1426-g3b9a63c (webtiles) character file.

77 chei the Skirmisher (level 4, -1/42 HPs)
             Began as a Naga Fighter on Feb 27, 2016.
             Slain by an iguana (10 damage)
             ... on level 3 of the Dungeon.
             The game lasted 00:02:46 (1867 turns).

chei the Skirmisher (Naga Fighter)                  Turns: 1867, Time: 00:02:46

Health: -1/42      AC:  5    Str: 18    XL:     4   Next: 34%
Magic:  13/13      EV:  5    Int:  9    God:
Gold:   85         SH:  8    Dex: 11    Spells: 0 memorised, 3 levels left

rFire  . . .     SeeInvis +     a - +0 long sword
rCold  . . .     Gourm    .     b - +0 scale mail
rNeg   . . .     Faith    .     c - +0 shield
rPois  +         Spirit   .     (no helmet)
rElec  .         Dismiss  .     (no cloak)
rCorr  .         Reflect  .     (no gloves)
SustAt .         Harm     .     (no barding)
MR     .....     Rnd*Tele +     (no amulet)
Stlth  ..........               n - ring of magical power
                                e - ring of teleportation (curse)

@: short of breath, very slow, not resistant to hostile enchantments, extremely
unstealthy
A: see invisible, deformed body, poison resistance, slowness 2, slow metabolism
1, spit poison 2, AC +1
a: Spit Poison


You were on level 3 of the Dungeon.
You were not hungry.

You visited 1 branch of the dungeon, and saw 3 of its levels.

You collected 85 gold pieces.

Inventory:

Hand Weapons
 a - a +0 long sword (weapon)
Armour
 b - a +0 scale mail (worn)
 c - a +0 shield (worn)
Jewellery
 e - a cursed ring of teleportation (left hand)
 n - a ring of magical power (right hand)
 p - an uncursed ring of fire
Scrolls
 h - 3 scrolls of identify {unknown}
 i - a scroll of teleportation {unknown}
 o - a scroll of noise {unknown}
 q - a scroll of enchant armour {unknown}
 s - a scroll of remove curse {unknown}
 u - a scroll of immolation {unknown}
Potions
 d - a potion of might
 k - a potion of haste {unknown}
 l - a potion of cure mutation {unknown}
 m - a potion of invisibility
 t - a potion of magic {unknown}
Comestibles
 f - 2 bread rations
 g - 4 meat rations
 j - a beef jerky
 r - a slice of pizza


   Skills:
 + Level 3.2 Fighting
 * Level 2.8 Long Blades
 - Level 2.9 Armour
 + Level 1.0 Dodging
 - Level 2.9 Shields


You had 3 spell levels left.
You didn't know any spells.

Dungeon Overview and Level Annotations

Branches:
Dungeon (3/15)

Altars:
Pakellas


Innate Abilities, Weirdness & Mutations

You cannot wear boots.
Your serpentine skin is tough (AC +1).
You have supernaturally acute eyesight.
Armour fits poorly on your strangely shaped body.
Your system is resistant to poisons.
You cover ground very slowly.
You have a slow metabolism.
You can spit poison.


Message History

The iguana barely misses you. You block the iguana's attack.
You hit the iguana.
The iguana is heavily wounded.
The iguana bites you!
You closely miss the iguana.
The iguana is heavily wounded.
The iguana bites you but does no damage.
You hit the iguana.
The iguana is severely wounded.
The iguana bites you!
* * * LOW HITPOINT WARNING * * *
You are too injured to fight recklessly!
You are too injured to fight recklessly!
You are too injured to fight recklessly!
Press: ? - help, Shift-Dir - straight line, f - iguana
Aim: an iguana (severely wounded)
The splash of poison hits the iguana.
The iguana appears unharmed.
The iguana is severely wounded.
You feel slightly more hungry. The iguana bites you!
You die...

..# .# ### #.# . #.# .#
#.# .. #†# #.# ## #.#
.###### #.# ####l......
#.############..@..#
#..................#
##############.........
#.....#### #...<.#
#######


You could see an iguana.

Vanquished Creatures
  3 adders
  An ooze (D:3)
  A worm (D:2)
  A dart slug (D:1)
  A giant gecko (D:2)
  2 giant cockroaches (D:1)
  7 goblins
  7 hobgoblins
  A ball python (D:1)
  4 bats
  2 giant newts
  6 kobolds
  6 rats
42 creatures vanquished.

Notes
Turn   | Place    | Note
--------------------------------------------------------------
     0 | D:1      | chei the Naga Fighter began the quest for the Orb.
     0 | D:1      | Reached XP level 1. HP: 21/21 MP: 1/1
   160 | D:1      | Reached XP level 2. HP: 18/28 MP: 2/2
   717 | D:1      | Reached XP level 3. HP: 29/34 MP: 3/3
  1560 | D:2      | Reached XP level 4. HP: 42/42 MP: 4/4
  1574 | D:2      | Found an oddly glowing altar of Pakellas.
  1840 | D:3      | Reached skill level 1 in Dodging
  1867 | D:3      | Slain by an iguana

Vault maps used:
D:1:      sevenhm_arrival_forest_fort_large_4
D:2:      first_bread, grunt_pakellas_basics
D:3:      uniq_iyjb

Skill      XL: |  1  2  3  4 |
---------------+-------------+-----
Dodging        | 1 |  1.0
Fighting       | |  3.2
Long Blades    | |  2.8
Armour         | |  2.9
Shields        | |  2.9

Action                   |  1- 3 |  4- 6 || total
-------------------------+-------+-------++-------
Melee: Long sword        |   128 |    28 ||   156
 Abil: Spit Poison       |       |     1 ||     1
  Eat: Chunk             |       |     2 ||     2
